 Dungeon Crawl Stone Soup version 0.24.0-123-gd5b16e6ec5 (webtiles) character file.

Game seed: 10155745635096478739, levelgen mode: deterministic

75 DungeonDestroyer the Shield-Bearer (level 4, -3/41 HPs)
             Began as a Gnoll Fighter on Jan 2, 2020.
             Slain by a gnoll
             ... wielding a +0 club
              (7 damage)
             ... on level 2 of the Dungeon.
             The game lasted 00:02:47 (1136 turns).

DungeonDestroyer the Shield-Bearer (Gnoll Fighter)  Turns: 1136, Time: 00:02:47

Health: -3/41      AC:  7    Str: 22    XL:     4   Next: 31%
Magic:  5/5        EV:  8    Int: 11    God:
Gold:   30         SH: 11    Dex: 14    Spells: 5/5 levels left

rFire    . . .     SeeInvis .   a - +0 war axe
rCold    . . .     Gourm    .   c - +0 shield
rNeg     . . .     Faith    .   b - +0 scale mail
rPois    .         Spirit   .   (no helmet)
rElec    .         Reflect  .   (no cloak)
rCorr    .         Harm     .   (no gloves)
MR       .....                  (no boots)
Stlth    ..........             (no amulet)
HPRegen  0.13/turn              e - +3 ring of strength
MPRegen  0.09/turn              (no ring)

@: no status effects
A: distributed training, fangs 1, strong nose
a: no special abilities


You were on level 2 of the Dungeon.
You were not hungry.

You visited 1 branch of the dungeon, and saw 2 of its levels.

You collected 30 gold pieces.

Inventory:

Hand Weapons
 a - a +0 war axe (weapon)
Missiles
 m - 20 stones (quivered)
Armour
 b - a +0 scale mail (worn)
 c - a +0 shield (worn)
Jewellery
 e - a +3 ring of strength (left hand)
Potions
 d - a potion of might
Comestibles
 f - 2 rations
 g - 6 chunks of flesh


   Skills:
 + Level 6.6 Fighting
 + Level 1.1 Short Blades
 + Level 1.1 Long Blades
 + Level 4.6 Axes
 + Level 1.1 Maces & Flails
 + Level 1.1 Polearms
 + Level 1.1 Staves
 + Level 1.1 Slings
 + Level 1.1 Bows
 + Level 1.1 Crossbows
 + Level 1.1 Throwing
 + Level 6.6 Armour
 + Level 1.1 Dodging
 + Level 1.1 Stealth
 + Level 6.6 Shields
 + Level 1.1 Unarmed Combat
 + Level 1.1 Spellcasting
 + Level 0.8 Conjurations
 + Level 0.8 Hexes
 + Level 0.8 Charms
 + Level 0.8 Summonings
 + Level 0.8 Necromancy
 + Level 0.8 Translocations
 + Level 0.8 Transmutations
 + Level 0.8 Fire Magic
 + Level 0.8 Ice Magic
 + Level 0.8 Air Magic
 + Level 0.8 Earth Magic
 + Level 0.8 Poison Magic
 + Level 1.2 Invocations
 + Level 1.1 Evocations


You had 5 spell levels left.
You didn't know any spells.
Your spell library contained the following spells:

 Spells                   Type           Power        Failure   Level  Hunger
 Animate Skeleton         Necr           N/A          85%         1    ##.....
 Apportation              Tloc           #.....       85%         1    ##.....
 Confusing Touch          Hex            #.....       85%         1    ##.....
 Summon Small Mammal      Summ           #...         85%         1    ##.....


Dungeon Overview and Level Annotations

Branches:
Dungeon (2/15)

Altars:
Elyvilon
Okawaru
Qazlal


Innate Abilities, Weirdness & Mutations

Your experience applies equally to all skills.
You have very sharp teeth.
Your uncanny sense of smell can sniff out nearby items.


Message History

* * * LOW HITPOINT WARNING * * *
You are too injured to fight recklessly!
You are too injured to fight recklessly!
You are too injured to fight recklessly!
You are too injured to fight recklessly!
You are too injured to fight recklessly!
You are too injured to fight recklessly!
You are too injured to fight recklessly!
You are too injured to fight recklessly!
You are too injured to fight recklessly!
You are too injured to fight recklessly!
You are too injured to fight recklessly!
You are too injured to fight recklessly!
You are too injured to fight recklessly!
Unknown command.
The gnoll hits you but does no damage. The gnoll hits you with a +0 halberd!
* * * LOW HITPOINT WARNING * * *
You closely miss the gnoll. You hit the gnoll. You block the gnoll's attack. x2
The gnoll hits you with a +0 club!
You die...

#........#
#........####
#...........#
.....# #....#
#....# #....#
#.g.!# #g@..#
+....# #....#
####'####
#.......#######
#.............#
#.............#
#.............#
#.........รท...#


You could see 2 gnolls.

Vanquished Creatures
  A gnoll (D:2)
  3 worms (D:2)
  2 dart slugs
  3 leopard geckos
  A ball python (D:1)
  2 giant cockroaches (D:1)
  11 goblins
  A hobgoblin (D:2)
  4 jackals (D:1)
  2 quokkas (D:2)
  8 bats
  5 frilled lizards
  A kobold (D:1)
  5 rats
49 creatures vanquished.

Notes
Turn   | Place    | Note
-------+----------+-------------------------------------------
     0 | D:1      | DungeonDestroyer the Gnoll Fighter began the quest for the
                  | Orb.
     0 | D:1      | Reached XP level 1. HP: 23/23 MP: 1/1
    75 | D:1      | Reached XP level 2. HP: 27/29 MP: 2/2
   333 | D:1      | Reached XP level 3. HP: 35/35 MP: 3/3
   501 | D:1      | Reached skill level 1 in Invocations
   819 | D:2      | Reached skill level 1 in Short Blades
   819 | D:2      | Reached skill level 1 in Long Blades
   819 | D:2      | Reached skill level 1 in Maces & Flails
   819 | D:2      | Reached skill level 1 in Polearms
   819 | D:2      | Reached skill level 1 in Staves
   819 | D:2      | Reached skill level 1 in Slings
   819 | D:2      | Reached skill level 1 in Bows
   819 | D:2      | Reached skill level 1 in Crossbows
   819 | D:2      | Reached skill level 1 in Throwing
   819 | D:2      | Reached skill level 1 in Dodging
   819 | D:2      | Reached skill level 1 in Stealth
   819 | D:2      | Reached skill level 1 in Unarmed Combat
   819 | D:2      | Reached skill level 1 in Spellcasting
   819 | D:2      | Reached skill level 1 in Evocations
   868 | D:2      | Reached XP level 4. HP: 39/41 MP: 5/5
   951 | D:2      | Found a stormy altar of Qazlal.
   957 | D:2      | Found an iron altar of Okawaru.
   959 | D:2      | Found a white marble altar of Elyvilon.
  1136 | D:2      | Slain by a gnoll

Levels and vault maps discovered:
D:1:      sevenhm_arrival_forest_fort_large_2, layout_basic,
          minmay_split_cup_large
D:2:      layout_basic, nicolae_overflow_hidden_temple

Skill      XL: |  1  2  3 |
---------------+----------+-----
Invocations    | 1 |  1.2
Short Blades   | 1 |  1.1
Long Blades    | 1 |  1.1
Maces & Flails | 1 |  1.1
Polearms       | 1 |  1.1
Staves         | 1 |  1.1
Slings         | 1 |  1.1
Bows           | 1 |  1.1
Crossbows      | 1 |  1.1
Throwing       | 1 |  1.1
Dodging        | 1 |  1.1
Stealth        | 1 |  1.1
Unarmed Combat | 1 |  1.1
Spellcasting   | 1 |  1.1
Evocations     | 1 |  1.1
Fighting       | |  6.6
Axes           | |  4.6
Armour         | |  6.6
Shields        | |  6.6
Conjurations   | |  0.8
Hexes          | |  0.8
Charms         | |  0.8
Summonings     | |  0.8
Necromancy     | |  0.8
Translocations | |  0.8
Transmutations | |  0.8
Fire Magic     | |  0.8
Ice Magic      | |  0.8
Air Magic      | |  0.8
Earth Magic    | |  0.8
Poison Magic   | |  0.8

Action                   |  1- 3 |  4- 6 || total
-------------------------+-------+-------++-------
Melee: War axe           |   101 |    19 ||   120
       Bite              |     8 |     1 ||     9
  Use: Scroll            |     3 |     2 ||     5
       Potion            |     2 |       ||     2
  Eat: Chunk             |       |     1 ||     1
Armor: Scale mail        |    36 |     9 ||    45
Dodge: Dodged            |    31 |    13 ||    44
Block: Shield            |    52 |    10 ||    62
